AoeStats
← Sp.[R]itep''

Hill Fort

504492114Analyzed
4v4 RM · 26d ago on Sep 5, 2026· 73m 47s· 8 players
Game mode
Random Map
Map size
Large (8 player)
Population
200
Speed
Normal
Resources
Standard
Victory
Conquest
Starting age
Dark Age
Ending age
Imperial Age
RankedLock teamsTeams togetherTeam positionsShared explorationLock speedFull tech treeHidden civsTurbo modeCheats
Victory
Defeat
🇵🇱 Berbers · Poland
984
+15
🇨🇴 Magyars · Colombia
967
+16
🇧🇷 Persians · Brazil
966
+16
🇹🇷 Burgundians · Türkiye
966
+16
🇯🇵 Khmer · Japan
997
-17
🇮🇳 Poles · India
992
-17
🇫🇷 Khitans · France
937
-15
🇨🇳 Magyars · China
921
-14
Biscoitoso
0:42 Loom
12:15 Feudal Age
13:03 Double-Bit Axe
13:55 Wheelbarrow
13:06 Town Watch
16:21 Horse Collar
26:22 Castle Age
25:25 Forging
25:15 Scale Mail Armor
25:21 Scale Barding Armor
25:07 Fletching
25:18 Padded Archer Armor
25:21 Gold Mining
25:23 Stone Mining
27:19 Bow Saw
28:28 Stone Shaft Mining
28:52 Heavy Plow
29:32 Iron Casting
28:52 Bodkin Arrow
29:13 Chain Mail Armor
29:13 Leather Archer Armor
31:09 Husbandry
31:19 Bloodlines
32:38 Kamandaran
32:33 Pikeman
33:15 Squires
36:00 Gambesons
36:01 Arson
40:06 Imperial Age
38:12 Masonry
37:59 Murder Holes
40:36 Ballistics
40:30 Fervor
40:21 Devotion
46:47 Blast Furnace
46:27 Onager
47:40 Conscription
48:11 Crop Rotation
48:45 Two-Man Saw
48:41 Gold Shaft Mining
51:20 Hand Cart
51:06 Town Patrol
54:33 Heavy Camel Rider
55:37 Chain Barding Armor
56:09 Architecture
56:24 Guilds
56:49 Elite War Elephant
59:13 Chemistry
59:01 Plate Barding Armor
65:17 Capped Ram
68:51 Siege Ram
68:54 Heavy Scorpion
69:51 Herbal Medicine
70:32 Theocracy
70:13 Block Printing
70:09 Heated Shot
70:09 Guard Tower
73:30 Thumb Ring
72:46 Crossbowman
72:47 Elite Skirmisher
72:47 Elite Genitour
74:06 Plate Mail Armor
73:50 Clinker Construction
bLuStEr
3:17 Loom
4:31 Double-Bit Axe
7:55 Wheelbarrow
11:30 Feudal Age
12:30 Hand Cart
12:28 Bow Saw
12:00 Horse Collar
12:13 Gold Mining
20:43 Castle Age
19:24 Gold Shaft Mining
20:13 Stone Mining
21:32 Stone Shaft Mining
22:00 Town Watch
24:04 Two-Man Saw
23:34 Town Patrol
23:45 Heavy Plow
26:11 Crop Rotation
33:53 Imperial Age
30:52 Cavalier
32:36 Fletching
32:57 Forging
32:52 Scale Barding Armor
34:24 Husbandry
35:01 Iron Casting
34:00 Paladin
34:38 Bodkin Arrow
37:59 Conscription
37:45 Burgundian Vineyards
40:29 Chain Barding Armor
41:10 Blast Furnace
43:10 Pikeman
43:50 Squires
43:57 Scale Mail Armor
43:49 Halberdier
45:40 Padded Archer Armor
47:21 Plate Barding Armor
47:14 Arson
48:00 Chain Mail Armor
50:09 Elite Skirmisher
52:28 Bracer
57:33 Murder Holes
57:50 Masonry
58:42 Plate Mail Armor
58:13 Padded Archer Armor
59:43 Guard Tower
61:39 Keep
61:35 Architecture
61:26 Ballistics
63:04 Light Cavalry
64:38 Hoardings
66:05 Chemistry
68:20 Arrowslits
70:41 Hussar
BrickyArrow1990
7:16 Loom
10:47 Feudal Age
11:09 Horse Collar
21:07 Castle Age
21:35 Scale Barding Armor
21:31 Padded Archer Armor
21:21 Fletching
21:47 Bloodlines
22:03 Double-Bit Axe
22:33 Gold Mining
22:34 Stone Mining
23:01 Heavy Plow
23:15 Bow Saw
24:00 Husbandry
24:29 Town Watch
26:16 Bodkin Arrow
28:24 Leather Archer Armor
29:04 Town Patrol
33:23 Wheelbarrow
33:12 Thumb Ring
33:51 Chain Barding Armor
32:55 Light Cavalry
36:12 Hand Cart
41:08 Imperial Age
39:07 Ballistics
38:59 Careening
39:00 Masonry
38:49 Murder Holes
39:08 Corvinian Army
42:49 Plate Barding Armor
42:45 Ring Archer Armor
43:02 Parthian Tactics
43:16 Elite Magyar Huszar
44:35 Cavalier
46:00 Conscription
47:43 Heavy Cavalry Archer
49:06 Hoardings
48:41 Elite Genitour
53:10 Elite Skirmisher
55:05 Bracer
56:18 Chemistry
55:25 Siege Engineers
65:53 Caravan
mnich_bor
5:03 Loom
12:49 Feudal Age
13:50 Double-Bit Axe
14:00 Horse Collar
20:00 Castle Age
18:26 Gold Mining
18:26 Stone Mining
19:09 Fletching
19:38 Padded Archer Armor
22:24 Heavy Plow
22:35 Bow Saw
23:18 Bodkin Arrow
23:38 Leather Archer Armor
25:00 Stone Shaft Mining
34:22 Imperial Age
35:05 Ballistics
35:16 Maghrebi Camels
35:38 Conscription
35:52 Ring Archer Armor
35:22 Bracer
37:48 Kasbah
39:13 Chemistry
39:06 Elite Camel Archer
45:45 Scale Mail Armor
45:53 Scale Barding Armor
45:59 Forging
47:16 Chain Barding Armor
46:20 Heavy Camel Rider
47:01 Husbandry
47:11 Bloodlines
49:29 Iron Casting
54:55 Plate Barding Armor
56:10 Blast Furnace
55:29 Caravan
55:17 Light Cavalry
56:59 Hussar
The punisher 69
1:56 Loom
12:53 Feudal Age
13:54 Domestication
14:03 Double-Bit Axe
18:37 Wheelbarrow
17:48 Town Watch
20:57 Castle Age
19:16 Gold Mining
19:23 Stone Mining
20:59 Forging
20:55 Scale Barding Armor
23:37 Iron Casting
23:23 Chain Barding Armor
23:43 Pastoralism
23:56 Bow Saw
24:53 Husbandry
31:25 Hand Cart
32:25 Stone Shaft Mining
32:08 Fletching
37:42 Imperial Age
39:27 Plate Barding Armor
39:53 Heavy Camel Rider
50:14 Conscription
51:29 Ordo Cavalry
FunkFingers2.0
11:21 Feudal Age
12:18 Double-Bit Axe
12:16 Horse Collar
14:24 Wheelbarrow
18:21 Castle Age
16:07 Loom
18:25 Gold Mining
18:28 Stone Mining
20:58 Wheelbarrow
24:06 Heavy Plow
24:21 Bow Saw
27:54 Hand Cart
28:55 Light Cavalry
29:45 Bloodlines
29:36 Husbandry
31:03 Scale Barding Armor
31:09 Forging
30:50 Fletching
35:33 Imperial Age
33:48 Chain Barding Armor
34:09 Iron Casting
35:06 Bodkin Arrow
35:38 Winged Hussar
42:12 Lechitic Legacy
53:03 Blast Furnace
kokokun
12:55 Feudal Age
15:42 Castle Age
13:56 Double-Bit Axe
15:21 Gold Mining
16:20 Loom
21:08 Husbandry
25:33 Wheelbarrow
25:52 Stone Mining
29:11 Scale Barding Armor
29:20 Forging
31:22 Hand Cart
36:23 Imperial Age
34:24 Bloodlines
35:49 Tusk Swords
36:43 Chain Barding Armor
40:41 Double Crossbow
41:06 Elite Battle Elephant
41:51 Town Watch
43:41 Heavy Scorpion
46:04 Chemistry
45:24 Ballistics
52:43 Heavy Scorpion
Sp.[R]itep''
10:40 Feudal Age
11:29 Horse Collar
12:47 Double-Bit Axe
19:31 Castle Age
17:20 Loom
21:34 Bow Saw
22:35 Gold Mining
28:09 Imperial Age
26:01 Heavy Plow
26:39 Gold Shaft Mining
27:42 Wheelbarrow
29:12 Conscription
29:47 Crop Rotation
31:16 Hand Cart
31:02 Padded Archer Armor
31:13 Recurve Bow
31:36 Bloodlines
31:33 Husbandry
33:05 Two-Man Saw
33:21 Parthian Tactics
34:01 Town Watch
34:07 Fletching
34:44 Thumb Ring
35:10 Town Patrol
35:07 Bodkin Arrow
36:11 Leather Archer Armor
36:21 Ballistics
37:31 Cavalier
39:20 Chemistry
39:26 Herbal Medicine
41:57 Ring Archer Armor
42:04 Heavy Cavalry Archer
44:51 Treadmill Crane
52:36 Elite Magyar Huszar
55:08 Hoardings
55:37 Paladin
55:42 Light Cavalry
56:24 Bracer
61:13 Masonry
65:18 Elite Skirmisher
67:39 Corvinian Army
Connection lost

Rejoining the realm…

Still unreachable

The connection could not be restored.

Session expired

The server has moved on; the page needs a fresh start.